 Dungeon Sprint DCSS version 0.15-a0-1224-g3833f9c (webtiles) character file.

1376 Infinimo the Cleaver (level 8, -4/63 HPs)
             Began as a Demonspawn Berserker on June 1, 2014.
             Was a High Priest of Trog.
             Splashed by a brown ooze's acid (12 damage)
             ... in the Dungeon (Sprint V: "Ziggurat Sprint").
             The game lasted 00:03:20 (1134 turns).

Infinimo the Cleaver (Demonspawn Berserker)         Turns: 1134, Time: 00:03:21

HP  -4/63        AC 22     Str 32      XL: 8   Next: 39%
MP   0/8         EV  8     Int  9      God: Trog [*****.]
Gold 0           SH  0     Dex 10 (12) Spells:  0 memorised,  7 levels left

rFire  + . .     SeeInvis .     J - +8,+6 executioner's axe
rCold  + . .     Clarity  .     I - +15 Maxwell's patent armour {rC+ rF+, -Cast -Tele MR+}
rNeg   . . .     rCorr    .     (no shield)
rPois  .         rRot     +     (helmet restricted)
rElec  .         Spirit   +     (no cloak)
SustAb .         Warding  .     (no gloves)
rMut   .         NoTele   +     (no boots)
Gourm  .         NoCast   +     (no amulet)
MR     +....                    D - +6 ring of strength
                                C - +6 ring of strength

@: corroded equipment, somewhat resistant to hostile enchantments, extremely
unstealthy
A: horns 1, rugged brown scales 2, blurry vision 1, foul stench 1, magic shield,
rot immunity
a: Burn Spellbooks, Berserk, Trog's Hand, Brothers in Arms, Renounce Religion


You were in the Dungeon.
You worshipped Trog.
Trog was extremely pleased with you.
You were not hungry.

You visited 1 branch

Inventory:

Hand weapons
 J - a +8,+6 executioner's axe (weapon)
Armour
 I - the +15 Maxwell's patent armour (worn) {rC+ rF+, -Cast -Tele MR+}
   (You found it in the Dungeon)

   It affects your resistance to hostile enchantments.
   It prevents spellcasting.
   It prevents most forms of teleportation.
Magical devices
 x - a wand of disintegration (7)
 E - a wand of cold (5)
 F - a wand of draining (5)
 G - a wand of fire (5)
Comestibles
 b - 2 rotting chunks of crocodile flesh
 c - 5 bread rations
 j - 42 fruits
 k - 4 meat rations
Scrolls
 i - 4 scrolls of blinking
 l - 3 scrolls of recharging
 m - 7 scrolls of fog
 n - 5 scrolls of identify
 o - 4 scrolls of remove curse
 p - 2 scrolls of fear
Jewellery
 C - a +6 ring of strength (left hand)
 D - a +6 ring of strength (right hand)
Potions
 d - 10 potions of curing
 e - 10 potions of heal wounds
 f - 6 potions of haste
 g - 7 potions of magic
 h - 3 potions of berserk rage
 q - 2 potions of brilliance
 r - 2 potions of invisibility
 s - 2 potions of restore abilities
 t - 4 potions of resistance
 v - 5 potions of agility
 w - 5 potions of might


   Skills:
 + Level 4.0 Fighting
 * Level 12.3 Axes
 + Level 11.9 Armour
 - Level 1.7 Dodging


You had 7 spell levels left.
You didn't know any spells.

Dungeon Overview and Level Annotations

Branches:
Dungeon (1/1)

Altars:
Ashenzari
Cheibriados
Dithmenos
Elyvilon
Fedhas
Gozag
Kikubaaqudgha
Makhleb
Nemelex Xobeh
Okawaru
Qazlal
Sif Muna
Trog
Vehumet
Xom
Yredelemnul
Zin
The Shining One
Beogh
Jiyva
Lugonu


Innate Abilities, Weirdness & Mutations

You have a pair of small horns on your head.
You are mostly covered in rugged brown scales (AC +2, +5% HP).
You emit a foul stench.
When hurt, damage is shared between your health and your magic reserves.
You are immune to rotting.
Your vision is a little blurry.


Message History

The jelly looks sick.
Unknown command.
Unknown command.
Unknown command.
Unknown command.
The shining eye is heavily wounded.
You kill the jelly!
Trog accepts your kill.
Your Axes skill increases to level 12!
You kill the slime creature!
Trog accepts your kill.
Your Fighting skill increases to level 4!
The brown ooze is heavily wounded.
The brown ooze hits you!
You are splashed with acid!
The acid burns!
The brown ooze looks sick.
You emit a cloud of foul miasma!
The brown ooze is engulfed in dark miasma.
The brown ooze seems to slow down.
The brown ooze hits you!
* * * LOW HITPOINT WARNING * * *
You are splashed with acid!
The acid burns!
You die...

▓..8©8
▓...))..▓
▓..).?..▓
▓.......▓
▓.......▓
▓.......▓
▓.......▓
▓.▓J.G▓.▓
▓..J@...▓
▓▓▓▓▓▓▓▓▓


You could see a shining eye, a brown ooze and a jelly.

Vanquished Creatures
  An orange demon (D)
  A spiny frog (D)
  A slime creature (D)
  A crocodile (D)
  A giant frog (D)
  2 insubstantial wisps (D)
  4 jellies (D)
  3 orc priests (D)
  A quasit (D)
  2 iron imps (D)
  2 sheep (D)
  A shadow imp (D)
  An ufetubus (D)
  A giant eyeball (D)
  2 orcs (D)
  A bat skeleton (D)
  A jackal (D)
  A hobgoblin zombie (D)
27 creatures vanquished.

Notes
Turn   | Place    | Note
--------------------------------------------------------------
     0 | D        | Infinimo, the Demonspawn Berserker, began the quest for the Orb.
     0 | D        | Reached XP level 1. HP: 18/18 MP: 1/1
     0 | D        | Found an ancient bone altar of Kikubaaqudgha.
     1 | D        | Found a basalt altar of Yredelemnul.
     1 | D        | Found an iron altar of Okawaru.
     2 | D        | Found a radiant altar of Vehumet.
     2 | D        | Found a shimmering altar of Xom.
     4 | D        | Found a burning altar of Makhleb.
    13 | D        | Found a corrupted altar of Lugonu.
    13 | D        | Found a white marble altar of Elyvilon.
    13 | D        | Found a deep blue altar of Sif Muna.
    14 | D        | Found a roughly hewn altar of Beogh.
    14 | D        | Found a sparkling altar of Nemelex Xobeh.
    22 | D        | Found a bloodstained altar of Trog.
    93 | D        | Reached skill level 5 in Axes
    93 | D        | Reached skill level 5 in Armour
    93 | D        | Gained mutation: You are immune to rotting. [demonic ancestry]
    93 | D        | Reached XP level 2. HP: 24/24 MP: 2/2
    95 | D        | Entered arena 1.
    95 | D        | Noticed an insubstantial wisp
    95 | D        | Noticed an insubstantial wisp
   109 | D        | Killed an insubstantial wisp
   109 | D        | Reached skill level 6 in Axes
   109 | D        | Gained mutation: When hurt, damage is shared between your health and your magic reserves. [demonic ancestry]
   109 | D        | Reached XP level 3. HP: 16/29 MP: 3/3
   129 | D        | Killed an insubstantial wisp
   129 | D        | Reached skill level 7 in Axes
   129 | D        | Gained mutation: You have a pair of small horns on your head. [demonic ancestry]
   129 | D        | Reached XP level 4. HP: 9/35 MP: 2/4
   357 | D        | Entered arena 2.
   357 | D        | Noticed a jelly
   357 | D        | Noticed a jelly
   362 | D        | Killed a jelly
   362 | D        | Reached skill level 8 in Axes
   362 | D        | Gained mutation: You are partially covered in rugged brown scales (AC +1, +3% HP). [demonic ancestry]
   362 | D        | Reached XP level 5. HP: 25/42 MP: 2/5
   363 | D        | Killed a jelly
   364 | D        | Paralysed by a giant eyeball for 3 turns
   369 | D        | Acquired Trog's second power
   481 | D        | Entered arena 3.
   481 | D        | Noticed an orange demon
   481 | D        | Noticed an iron imp
   481 | D        | Noticed a quasit
   486 | D        | Killed an iron imp
   492 | D        | Killed a quasit
   504 | D        | Killed an orange demon
   504 | D        | Reached skill level 10 in Axes
   504 | D        | Reached skill level 10 in Armour
   504 | D        | Gained mutation: You emit a foul stench. [demonic ancestry]
   504 | D        | Reached XP level 6. HP: 21/48 MP: 4/6
   504 | D        | Reached XP level 7. HP: 23/53 MP: 4/7
   761 | D        | Entered arena 4.
   761 | D        | Noticed an iron imp
   765 | D        | Killed an iron imp
   820 | D        | Entered arena 5.
   820 | D        | Noticed an orc priest
   820 | D        | Noticed an orc priest
   820 | D        | Noticed an orc priest
   824 | D        | Acquired Trog's third power
   825 | D        | Killed an orc priest
   825 | D        | Killed an orc priest
   827 | D        | Killed an orc priest
   847 | D        | Got the ring "Dejenog" {MR+ Stlth--}
   864 | D        | Entered arena 6.
   864 | D        | Noticed a spiny frog
   864 | D        | Noticed a giant frog
   864 | D        | Noticed a crocodile
   866 | D        | Received a gift from Trog
   869 | D        | Killed a giant frog
   869 | D        | Reached skill level 11 in Axes
   873 | D        | Killed a crocodile
   874 | D        | Killed a spiny frog
   874 | D        | Gained mutation: You are mostly covered in rugged brown scales (AC +2, +5% HP). [demonic ancestry]
   874 | D        | Reached XP level 8. HP: 24/60 MP: 5/8
  1124 | D        | Entered arena 7.
  1124 | D        | Noticed a jelly
  1124 | D        | Noticed a brown ooze
  1124 | D        | Noticed a shining eye
  1124 | D        | Noticed a jelly
  1124 | D        | Noticed a jelly
  1124 | D        | Noticed a slime creature
  1132 | D        | Killed a jelly
  1132 | D        | Gained mutation: Your vision is a little blurry. [a shining eye]
  1134 | D        | Killed a jelly
  1134 | D        | Reached skill level 12 in Axes
  1134 | D        | Killed a slime creature
  1134 | D        | Splashed by a brown ooze's acid

Action                   |  1- 3 |  4- 6 |  7- 9 || total
-------------------------+-------+-------+-------++-------
Melee: Executioner's axe |    24 |    22 |    24 ||    70
Invok: Berserk           |     1 |     1 |       ||     2
  Use: Potion            |     1 |       |       ||     1
       Scroll            |       |       |     3 ||     3
